Map: 포트 알렉산더 - 래더

Players

soO

  • Race: Zerg Zerg
  • Spawn Location: 11:00

Dear - Winner!

  • Race: Protoss Protoss
  • Spawn Location: 5:00

Event: IEM Season 13: Katowice (2019)

VOD

Have the link to the VOD?

Description

Time

  • Played on: March 1, 2019, 11:58 a.m.
  • Length: 8:50

All games in this series

Show
View Real Time Build Order
Export as new Build Order

soO Zerg 

Build Orders: Hatch First 

Get SALT Encoding   

  12  0:00  Drone  
  13  0:12  Overlord  
  13  0:17  Drone  
  14  0:30  Drone x2  
  14  0:34  Drone  
  17  0:51  Hatchery  
  17  0:55  Drone  
  17  0:58  Drone  
  18  1:11  Extractor  
  17  1:13  Spawning Pool  
  17  1:16  Drone  
  17  1:20  Drone  
  18  1:27  Drone  
  19  1:38  Drone  
  20  1:51  Drone, Hatchery  
  20  2:02  Drone  
  20  2:04  Queen  
  23  2:10  Drone  
  23  2:13  Drone  
  25  2:17  Overlord  
  25  2:26  Queen  
  27  2:32  Metabolic Boost  
  27  2:35  Drone  
  28  2:37  Zergling x2  
  28  2:39  Zergling x2  
  28  2:43  Drone  
  31  2:48  Queen  
  33  2:52  Drone  
  33  2:54  Drone  
  35  3:01  Drone  
  35  3:04  Queen  
  38  3:09  Overlord  
  38  3:10  Drone  
  38  3:11  Drone  
  40  3:15  Drone  
  41  3:23  Drone  
  42  3:29  Queen, Drone x3  
  42  3:34  Overlord  
  47  3:35  Drone x2  
  47  3:39  Drone  
  47  3:40  Spore Crawler  
  49  3:48  Drone  
  50  3:51  Lair  
  50  3:54  Drone  
  51  3:57  Drone  
  51  3:58  Drone  
  51  4:00  Drone x3  
  56  4:05  Drone x2  
  56  4:09  Overlord  
  58  4:11  Extractor  
  58  4:13  Extractor  
  58  4:15  Zergling x4  
  58  4:17  Overlord  
  58  4:19  Overlord  
  58  4:22  Extractor, Roach Warren  
  56  4:25  Drone x2  
  56  4:30  Overlord  
  58  4:33  Overlord  
  58  4:39  Zergling x4  
  58  4:40  Zergling x4  
  58  4:42  Drone x2  
  58  4:44  Spore Crawler  
  63  4:50  Overseer  
  63  4:53  Drone x2  
  63  4:55  Zergling x6  
  68  5:02  Roach x5  
  78  5:11  Glial Reconstitution  
  74  5:23  Roach x3  
  76  5:29  Zergling x2  
  76  5:30  Zergling x20  
  87  5:39  Spire  
  86  5:44  Drone  
  86  5:45  Drone x2  
  86  5:47  Overlord  
  86  5:48  Overseer  
  88  6:00  Drone x2  
  90  6:06  Drone x3  
  93  6:11  Drone x6  
  93  6:14  Overlord  
  93  6:17  Overlord  
  98  6:23  Overlord  
  98  6:26  Overlord  
  98  6:28  Overlord  
  98  6:31  Overlord  
  98  6:33  Drone x2  
  98  6:34  Drone x2  
  101  6:43  Extractor  
  100  6:47  Drone x2  
  100  6:49  Extractor  
  100  6:50  Drone x2  
  100  6:51  Mutalisk x5  
  100  6:53  Mutalisk  
  115  6:59  Hatchery  
  114  7:05  Drone  
  115  7:10  Evolution Chamber  
  115  7:14  Roach x10  
  134  7:18  Overlord  
  134  7:20  Drone  
  132  7:26  Overlord  
  132  7:30  Roach x4  
  132  7:35  Overlord  
  132  7:37  Ravager x3  
  142  7:38  Roach x3  
  142  7:43  Roach x2  
  153  7:45  Ravager, Overlord  
  153  7:47  Roach  
  156  7:52  Roach x3  
  156  7:56  Roach x3  
  168  7:59  Ravager x2, Overlord  
  165  8:07  Roach x4  
  165  8:11  Roach x2  
  165  8:18  Roach x4  
  122  8:31  Roach x7  
Show
View Real Time Build Order
Export as new Build Order

Dear Protoss - Winner!

Build Orders: 1 Gate Expand, Zealot Archon, Archon Drop, Dark Templar Rush 

Get SALT Encoding   

  12  0:00  Probe  
  13  0:12  Probe  
  14  0:19  Pylon  
  14  0:25  Probe  
  15  0:34  Probe  
  15  0:42  Probe  
  16  0:44  Gateway  
  16  0:47  Assimilator  
  17  0:52  Probe  
  19  1:04  Probe  
  19  1:16  Probe  
  20  1:24  Nexus  
  20  1:28  Probe  
  21  1:38  Cybernetics Core  
  21  1:43  Assimilator  
  21  1:45  Probe  
  22  1:52  Pylon  
  22  1:57  Probe  
  23  2:05  Adept  
  23  2:10  Probe  
  27  2:22  Probe  
  27  2:25  Warp Gate  
  27  2:30  Twilight Council  
  27  2:32  Probe  
  27  2:33  Probe  
  27  2:34  Stalker  
  31  2:40  Probe  
  31  2:41  Probe  
  31  2:50  Probe  
  31  2:51  Probe  
  33  2:58  Robotics Facility  
  35  2:59  Probe  
  35  3:03  Probe  
  37  3:07  Probe  
  38  3:15  Probe  
  38  3:16  Probe  
  38  3:17  Dark Shrine  
  40  3:27  Probe  
  40  3:28  Probe  
  40  3:30  Gateway  
  42  3:34  Gateway  
  42  3:36  Gateway  
  42  3:40  Probe  
  42  3:41  Probe, Warp Prism  
  43  3:43  Pylon  
  44  3:54  Assimilator  
  46  3:56  Assimilator  
  46  4:01  Probe x2  
  48  4:03  Pylon  
  48  4:14  Probe x2  
  50  4:26  Probe x2  
  52  4:37  Pylon  
  52  4:40  Dark Templar  
  52  4:41  Dark Templar x3  
  52  4:45  Archon x2  
  60  4:47  Nexus  
  60  4:49  Pylon, Probe x2  
  62  4:55  Pylon  
  62  4:56  Observer  
  62  4:59  Forge  
  63  5:02  Probe  
  63  5:03  Probe  
  65  5:09  Immortal  
  65  5:11  Protoss Ground Weapons Level 1  
  65  5:14  Probe  
  65  5:15  Probe  
  71  5:27  Probe x2  
  73  5:30  Charge  
  73  5:34  Sentry  
  73  5:35  Sentry  
  77  5:38  Pylon  
  77  5:39  Probe x2  
  77  5:41  Immortal  
  83  5:51  Gateway, Probe x2  
  83  5:53  Gateway  
  83  6:01  Probe  
  83  6:03  Probe x2  
  86  6:09  Immortal  
  86  6:12  Sentry x2  
  86  6:13  Probe  
  86  6:15  Probe x2  
  86  6:17  Assimilator  
  93  6:19  Assimilator  
  93  6:23  Shield Battery  
  93  6:25  Probe  
  98  6:27  Probe  
  98  6:28  Pylon  
  99  6:34  Gateway  
  99  6:35  Gateway  
  99  6:45  Zealot x5  
  109  6:49  Zealot  
  111  6:54  Templar Archives  
  111  6:59  Photon Cannon  
  111  7:03  Photon Cannon  
  111  7:05  Photon Cannon  
  111  7:08  Photon Cannon x2  
  111  7:15  Pylon  
  111  7:21  Pylon  
  111  7:31  High Templar x2  
  111  7:32  Pylon, High Templar  
  111  7:33  High Templar x2  
  111  7:34  Zealot, High Templar  
  125  7:37  Archon x3  
  125  7:45  Pylon  
  125  7:50  Stalker  
  126  8:08  Warp Prism  
  126  8:09  Dark Templar x3, Zealot x3  
  126  8:10  Zealot  
  116  8:32  Zealot x5  
  116  8:43  Zealot x3  

Tags
 
Add a new tag
Caveats
  • Supply blocks, unpowered buildings, or Contaminate may cause inaccurate times.
  • Supply counts are checked every 10 seconds.